Map: Divergence LE

Players

Matrox - Winner!

  • Race: Protoss Protoss
  • Spawn Location: 11:00

DrHamou - Winner!

  • Race: Terran Terran
  • Spawn Location: 11:00

Massa

  • Race: Terran Terran
  • League: Gold
  • Spawn Location: 5:00

qqq

  • Race: Zerg Zerg
  • League: Platinum
  • Spawn Location: 5:00

VOD

Have the link to the VOD?

Description

Time

  • Played on: April 27, 2020, 3:03 p.m.
  • Length: 18:00
Show
View Real Time Build Order
Export as new Build Order

Matrox Protoss - Winner!

Build Orders: Double Forge, Archon Immortal 

Get SALT Encoding   

  12  0:05  Probe (Chrono Boost)  
  14  0:14  Probe (Chrono Boost)  
  14  0:19  Probe (Chrono Boost)  
  14  0:23  Pylon  
  15  0:41  Probe  
  16  0:53  Probe  
  17  1:05  Probe  
  17  1:08  Nexus  
  18  1:11  Pylon  
  18  1:17  Probe  
  19  1:29  Probe  
  19  1:31  Gateway  
  20  1:35  Assimilator  
  20  1:40  Assimilator  
  20  1:41  Probe  
  20  1:44  Pylon  
  21  1:53  Probe  
  22  2:06  Probe  
  23  2:19  Probe (Chrono Boost), Cybernetics Core  
  24  2:23  Probe (Chrono Boost)  
  26  2:31  Probe (Chrono Boost)  
  26  2:33  Probe (Chrono Boost)  
  26  2:36  Probe (Chrono Boost)  
  27  2:38  Probe (Chrono Boost)  
  29  2:45  Probe  
  29  2:49  Probe (Chrono Boost)  
  31  2:56  Assimilator  
  32  3:00  Assimilator  
  32  3:01  Probe (Chrono Boost)  
  32  3:02  Warp Gate  
  32  3:03  Probe (Chrono Boost), Stalker  
  35  3:08  Probe (Chrono Boost), Twilight Council  
  35  3:11  Probe (Chrono Boost)  
  37  3:16  Probe  
  37  3:19  Pylon  
  38  3:22  Probe  
  39  3:28  Probe  
  40  3:34  Probe  
  40  3:35  Pylon  
  40  3:40  Probe, Pylon  
  42  3:46  Probe  
  42  3:47  Stalker  
  45  3:52  Probe  
  46  3:58  Probe  
  47  4:03  Charge  
  47  4:04  Probe  
  48  4:10  Probe, Dark Shrine  
  48  4:16  Forge  
  49  4:18  Forge  
  49  4:26  Stalker  
  49  4:28  Probe (Chrono Boost)  
  53  4:36  Probe (Chrono Boost)  
  54  4:38  Probe (Chrono Boost)  
  54  4:40  Gateway  
  54  4:42  Gateway  
  54  4:43  Probe x2 (Chrono Boost)  
  56  4:46  Gateway  
  56  4:51  Robotics Facility  
  56  4:54  Probe  
  56  4:55  Protoss Ground Weapons Level 1  
  56  4:57  Protoss Shields Level 1  
  57  5:02  Probe  
  58  5:08  Photon Cannon  
  58  5:16  Photon Cannon  
  58  5:20  Gateway  
  58  5:21  Gateway  
  58  5:29  Gateway  
  58  5:30  Gateway  
  58  5:34  Robotics Facility  
  58  5:39  Pylon  
  58  5:45  Pylon  
  58  5:47  Blink, Shadow Stride  
  58  5:55  Observer  
  59  6:15  Robotics Bay  
  59  6:16  Warp Prism (Chrono Boost)  
  61  6:20  Templar Archives  
  61  6:36  Immortal (Chrono Boost)  
  65  6:47  Immortal (Chrono Boost)  
  65  6:49  Photon Cannon  
  69  7:03  Extended Thermal Lance  
  69  7:04  Psionic Storm  
  69  7:05  Protoss Ground Weapons Level 2  
  69  7:07  Protoss Shields Level 2  
  69  7:27  Colossus (Chrono Boost)  
  75  7:33  Colossus (Chrono Boost)  
  71  7:42  Stalker  
  71  7:43  Stalker  
  75  7:52  Stalker x2  
  79  8:08  Shield Battery  
  79  8:11  Warp Prism  
  81  8:19  Dark Templar x2  
  85  8:20  Zealot x2  
  85  8:21  Zealot x2  
  85  8:26  Pylon  
  93  8:27  Pylon  
  93  8:30  Archon  
  93  8:36  Resonating Glaives  
  93  8:44  Gravitic Boosters  
  93  8:52  Protoss Air Weapons Level 1  
  93  9:04  Nexus  
  93  9:06  Pylon, Zealot x4  
  93  9:09  Pylon  
  101  9:10  Immortal x2  
  101  9:11  Assimilator  
  101  9:16  Assimilator  
  109  9:30  Photon Cannon  
  109  9:40  Dark Templar x2  
  113  9:46  Dark Templar  
  113  9:47  Zealot x3, Dark Templar  
  113  9:48  Zealot  
  113  9:50  Archon  
  119  10:04  Protoss Ground Weapons Level 3 (Chrono Boost)  
  107  10:15  Archon  
  107  10:20  Warp Prism  
  109  10:23  Warp Prism  
  109  10:34  Protoss Shields Level 3 (Chrono Boost)  
  71  11:11  Probe  
  72  11:13  Photon Cannon  
  72  11:14  Dark Templar x4  
  72  11:17  Photon Cannon  
  76  11:19  Archon x2  
  76  11:23  Probe  
  75  11:36  Probe  
  75  11:39  Gravitic Drive  
  76  11:40  Protoss Air Armor Level 1  
  76  11:43  Pylon  
  76  11:48  Probe  
  76  11:52  Immortal x2  
  75  12:02  Dark Templar x2  
  75  12:03  Dark Templar  
  79  12:15  Dark Templar  
  73  12:16  Archon  
  73  12:18  Archon  
  73  12:21  Dark Templar  
  75  12:24  Dark Templar  
  75  12:28  Archon  
  77  12:30  Zealot, Warp Prism  
  77  12:31  Zealot  
  77  12:36  Dark Templar  
  85  12:40  Dark Templar  
  87  12:44  Archon  
  87  12:49  Dark Templar  
  89  12:54  Stalker  
  89  12:55  Zealot x2, Stalker  
  97  12:58  Protoss Ground Armor Level 1 (Chrono Boost)  
  96  13:11  Zealot x2  
  100  13:21  Dark Templar  
  100  13:22  Dark Templar  
  100  13:26  Dark Templar  
  106  13:41  Stargate  
  88  14:01  Warp Prism  
  88  14:02  Warp Prism  
  82  14:07  Zealot  
  82  14:08  Zealot x3  
  82  14:42  Fleet Beacon  
  82  14:47  Nexus  
  82  14:49  Pylon  
  82  14:53  Pylon  
  82  14:56  Assimilator  
  78  15:00  Assimilator  
  78  15:01  Protoss Ground Armor Level 2  
  72  15:08  Void Ray (Chrono Boost)  
  76  15:22  Photon Cannon  
  76  15:25  Photon Cannon  
  76  15:27  Photon Cannon  
  76  15:30  Shield Battery  
  76  15:44  Dark Templar x2  
  76  15:47  Dark Templar  
  82  15:53  Archon  
  82  16:10  Flux Vanes  
  82  16:13  Carrier  
  88  16:43  Adept x4  
  96  17:09  Stargate  
  96  17:10  Stargate  
  96  17:16  Stargate  
  92  17:44  Adept x3  
  92  17:45  Adept x2  
Show
View Real Time Build Order
Export as new Build Order

DrHamou Terran - Winner!

Build Orders: 1/1/1 

Get SALT Encoding   

  12  0:01  SCV  
  13  0:13  SCV  
  14  0:18  Supply Depot  
  14  0:24  Refinery  
  14  0:28  SCV  
  15  0:41  Barracks  
  15  0:45  SCV  
  16  0:57  SCV  
  16  1:01  Refinery  
  17  1:09  SCV  
  18  1:21  SCV  
  19  1:28  Factory  
  19  1:34  Orbital Command  
  19  1:37  Barracks Reactor  
  19  1:49  Supply Depot  
  19  1:59  SCV  
  20  2:11  SCV  
  21  2:15  Starport  
  21  2:16  Factory Tech Lab  
  21  2:19  Marine x2  
  23  2:23  SCV  
  24  2:35  Supply Depot  
  24  2:37  Siege Tank  
  24  2:42  Marine x2  
  29  2:53  Medivac  
  31  3:09  Command Center  
  31  3:13  SCV  
  32  3:26  Marine x2  
  34  3:27  Siege Tank  
  34  3:30  SCV  
  31  4:11  Factory Tech Lab  
  31  4:14  Supply Depot  
  31  4:20  SCV  
  31  4:22  Supply Depot  
  32  4:36  Supply Depot  
  32  4:39  Siege Tank  
  32  4:40  Starport Reactor  
  32  4:42  SCV  
  32  4:44  SCV  
  37  4:54  SCV  
  37  4:56  SCV  
  37  4:57  Barracks  
  39  5:03  Engineering Bay  
  39  5:06  SCV  
  40  5:09  Marine x2  
  42  5:18  SCV  
  42  5:19  SCV  
  44  5:26  Marine  
  44  5:27  Marine  
  44  5:28  Medivac x2  
  48  5:30  SCV  
  48  5:31  SCV  
  48  5:32  Barracks  
  52  5:40  Missile Turret  
  52  5:42  SCV  
  53  5:43  SCV  
  53  5:49  Missile Turret  
  54  5:50  Marine x2, Siege Tank  
  54  5:54  SCV  
  54  5:56  SCV  
  61  6:00  Barracks Tech Lab  
  61  6:05  Terran Infantry Weapons Level 1  
  61  6:06  SCV  
  61  6:07  Marine  
  61  6:08  SCV, Marine  
  65  6:20  Orbital Command  
  65  6:23  Barracks Reactor, Siege Tank  
  65  6:24  Combat Shield  
  68  6:27  Marine x2  
  70  6:37  Supply Depot  
  70  6:40  Supply Depot  
  70  6:47  Orbital Command  
  70  6:48  Missile Turret  
  70  6:57  Command Center  
  70  6:59  SCV, Marine x2, Siege Tank  
  70  7:01  Supply Depot  
  76  7:10  Refinery  
  76  7:11  SCV  
  77  7:16  Marine x2  
  77  7:17  Marine  
  77  7:22  SCV  
  81  7:23  SCV  
  82  7:34  SCV  
  82  7:35  SCV  
  84  7:46  SCV  
  84  7:47  SCV  
  86  7:58  SCV  
  86  7:59  SCV  
  86  8:03  Missile Turret  
  86  8:05  Missile Turret x2  
  88  8:07  Missile Turret  
  88  8:09  Missile Turret x3  
  88  8:10  SCV  
  88  8:11  Missile Turret  
  89  8:12  Refinery  
  89  8:15  Barracks, Marine x2  
  89  8:16  Marine x3  
  94  8:30  Missile Turret  
  94  8:31  Missile Turret  
  94  8:33  Marine x3, Missile Turret  
  94  8:34  Marine x2  
  94  8:51  Marine x5  
  78  9:09  Marine x5  
  83  9:14  Stimpack  
  83  9:15  Barracks Reactor  
  83  9:23  Missile Turret  
  83  9:24  SCV  
  83  9:27  Marine x5  
  89  9:36  SCV  
  90  9:38  Barracks, Sensor Tower  
  90  9:44  Marine x2  
  90  9:45  Marine x3  
  95  10:02  Marine x3  
  95  10:03  Marine x2  
  95  10:06  Marine  
  101  10:07  Marine  
  101  10:08  Medivac x2  
  106  10:20  Marine x3  
  109  10:28  Supply Depot  
  109  10:30  Supply Depot  
  109  10:31  Supply Depot  
  109  10:33  Supply Depot x2  
  109  10:39  Terran Infantry Armor Level 1  
  109  10:43  Engineering Bay  
  109  10:50  Marine x4, Medivac x2  
  109  10:54  Concussive Shells  
  117  11:08  Marine  
  118  11:21  Barracks Reactor, Marine x6  
  118  11:23  Siege Tank  
  127  11:25  Marine  
  127  11:30  Missile Turret x2, Supply Depot  
  127  11:32  Missile Turret  
  128  11:33  Missile Turret  
  128  11:34  Missile Turret  
  128  11:36  Missile Turret x2  
  128  11:38  Marine  
  128  11:39  Missile Turret, Supply Depot  
  129  11:40  Missile Turret  
  129  11:54  Sensor Tower  
  129  11:55  Siege Tank  
  129  11:59  Refinery  
  104  12:25  Missile Turret  
  104  12:26  Missile Turret  
  104  12:27  SCV, Siege Tank  
  104  12:28  Missile Turret  
  104  12:29  Refinery  
  108  12:33  Missile Turret  
  108  12:37  Missile Turret  
  108  12:39  SCV  
  108  12:41  Armory  
  108  12:42  Missile Turret  
  109  12:52  Orbital Command  
  109  12:57  Missile Turret x2  
  96  13:35  Marine x3  
  96  13:36  Marine x6  
  96  13:39  Terran Infantry Armor Level 2, Terran Infantry Weapons Level 2  
  105  13:43  Medivac x2  
  109  13:53  Marine x5  
  109  13:54  Marine x4  
  118  14:11  Marine x5  
  118  14:12  Marine x4  
  127  14:22  Command Center  
  127  14:29  Marine x5  
  127  14:30  Marine x4  
  126  14:46  Marine x2  
  126  14:47  Marine x5  
  126  14:48  Marine x2  
  135  15:04  Marine x3  
  135  15:05  Marine  
  122  15:16  Marine x5  
  124  15:22  Marine x4, Medivac  
  130  15:33  Marine  
  130  15:34  Marine x4  
  135  15:39  Planetary Fortress  
  135  15:40  Marine x4  
  135  15:41  Refinery  
  139  15:51  Marine  
  139  15:52  Marine x4  
  144  15:58  Marine x3  
  144  16:01  Marine  
  148  16:09  Marine  
  148  16:10  Marine x4  
  153  16:15  Marine  
  153  16:16  Marine x2  
  150  16:23  Refinery  
  78  16:37  Medivac x2  
  78  16:38  Marine x4  
  78  16:39  Marine x5  
  82  16:56  Marine x6  
  82  16:57  Marine x3  
  91  17:07  Medivac x2  
  95  17:13  Marine  
  95  17:14  Marine x6  
  95  17:15  Marine x2  
  103  17:18  Barracks x2  
  104  17:31  Marine x2  
  104  17:32  Marine x6  
  104  17:33  Marine  
Show
View Real Time Build Order
Export as new Build Order

Massa Terran 

Build Orders:  

Get SALT Encoding   

  12  0:12  Supply Depot  
  12  0:13  SCV  
  13  0:25  SCV  
  14  0:35  Barracks  
  14  0:37  SCV  
  15  0:48  Supply Depot  
  15  0:49  SCV  
  16  1:01  SCV  
  17  1:10  Refinery  
  17  1:13  SCV  
  17  1:17  Barracks  
  18  1:26  Barracks  
  18  1:29  SCV  
  19  1:34  Marine  
  20  1:51  Marine  
  20  1:52  Orbital Command  
  21  2:07  Barracks, Marine  
  22  2:09  Marine  
  23  2:22  SCV  
  24  2:25  Marine  
  24  2:26  Marine  
  24  2:27  Marine  
  27  2:43  Marine x2  
  29  2:45  Marine  
  30  2:54  Marine  
  30  2:55  Factory  
  31  3:00  Supply Depot  
  31  3:03  Supply Depot  
  31  3:21  Marine x4  
  35  3:39  Marine x4  
  33  3:57  Marine x3  
  28  4:13  Marine  
  28  4:14  Marine x3  
  32  4:44  Factory Tech Lab  
  32  4:52  Barracks Tech Lab  
  32  4:54  Barracks Reactor  
  32  4:55  Marine x2, Engineering Bay  
  34  5:07  Siege Tank  
  34  5:13  Marine x2  
  36  5:21  Engineering Bay  
  36  5:31  Marine x2  
  38  5:37  Command Center  
  38  5:39  Siege Tank  
  38  5:40  SCV  
  42  5:49  Marine x2, Command Center  
  44  5:53  SCV  
  45  6:05  SCV  
  45  6:06  Marine  
  47  6:13  Supply Depot  
  47  6:20  Armory  
  47  6:23  Terran Infantry Weapons Level 1  
  47  6:35  SCV, Marine  
  49  6:58  Sensor Tower  
  49  7:05  SCV  
  49  7:07  SCV, Armory  
  51  7:13  Refinery  
  51  7:17  SCV  
  51  7:19  SCV  
  53  7:22  Bunker  
  54  7:30  SCV  
  54  7:31  SCV  
  55  7:42  SCV  
  55  7:43  SCV  
  57  7:54  SCV  
  57  7:56  SCV  
  59  8:04  SCV  
  60  8:06  SCV  
  60  8:08  SCV  
  60  8:11  Refinery  
  60  8:12  Thor  
  68  8:16  SCV  
  68  8:17  Marine x4  
  68  8:18  SCV, Marauder  
  76  8:20  SCV  
  77  8:27  Refinery  
  77  8:28  SCV  
  77  8:30  SCV  
  77  8:32  SCV  
  80  8:34  Marine x2  
  80  8:35  Marine  
  80  8:39  Refinery  
  80  8:40  Marauder  
  85  8:43  Terran Vehicle And Ship Armor Level 1, Terran Vehicle Weapons Level 1  
  85  8:47  Supply Depot  
  85  9:08  SCV x2, Thor  
  93  9:12  Supply Depot  
  93  9:13  Combat Shield  
  93  9:25  Terran Infantry Armor Level 1  
  93  9:33  SCV x2  
  93  9:36  Supply Depot  
  95  9:39  Supply Depot x2  
  95  9:43  Supply Depot  
  95  9:45  SCV  
  95  9:47  Missile Turret  
  96  9:58  SCV  
  96  9:59  Supply Depot  
  93  10:10  SCV  
  94  10:21  Supply Depot  
  94  10:22  SCV  
  94  10:24  Marauder, Marine x2  
  94  10:25  Marine x2  
  94  10:26  Thor  
  107  10:42  Marine x2  
  106  10:46  Marauder  
  106  10:49  SCV  
  102  11:01  Barracks Reactor, SCV  
  102  11:07  Marauder  
  102  11:09  Thor  
  109  11:12  Marine  
  109  11:13  SCV, Marine  
  109  11:16  Barracks Reactor  
  111  11:25  SCV  
  111  11:29  Marauder  
  111  11:30  Marine x2  
  116  11:38  SCV  
  117  11:48  Marine x2  
  117  11:50  SCV, Marauder  
  117  11:52  Thor  
  125  12:02  SCV  
  125  12:06  Marine x2  
  99  12:11  Marauder  
  99  12:13  Marine x3  
  99  12:14  Marine  
  88  12:24  Marine x2  
  90  12:31  Marine x3  
  90  12:32  Marine  
  90  12:35  Thor  
  100  12:42  SCV  
  101  12:51  Marauder  
  103  12:53  Barracks, Missile Turret  
  103  12:54  SCV  
  104  13:03  Sensor Tower  
  104  13:06  SCV  
  104  13:12  Marauder  
  107  13:14  Missile Turret  
  107  13:18  SCV, Thor  
  114  13:22  Marine x6  
  120  13:30  SCV  
  120  13:33  Marauder  
  120  13:34  Starport  
  123  13:39  Marine  
  123  13:40  Marine x5  
  123  13:41  Barracks  
  129  13:42  Command Center  
  121  13:54  Terran Infantry Weapons Level 2  
  121  13:55  Terran Infantry Armor Level 2, Marauder  
  96  13:56  Terran Vehicle And Ship Armor Level 2, Terran Vehicle Weapons Level 2  
  96  13:57  Marine x2  
  96  13:58  Marine x4  
  82  14:08  Siege Tank  
  83  14:12  Starport  
  83  14:15  Marine x4  
  83  14:16  Marauder  
  83  14:18  Planetary Fortress  
  83  14:27  Missile Turret  
  83  14:37  Marauder  
  82  14:59  Marauder  
  83  15:03  SCV  
  84  15:10  Marine x2  
  84  15:11  Marine x3  
  89  15:15  SCV  
  89  15:16  Command Center  
  89  15:20  Barracks Reactor x2, Marauder  
  92  15:27  SCV  
  92  15:42  Marauder  
  94  15:47  Marine x5  
  99  15:50  Planetary Fortress  
  99  16:03  Marauder  
  101  16:24  Marauder  
  65  16:33  Marine x5  
  65  16:34  Marine x5  
  75  16:46  Marauder  
  77  16:51  Marine  
  78  17:07  Marauder, Siege Tank  
  83  17:15  Marine x3  
  83  17:16  Marine x6  
  92  17:29  Marauder  
Show
View Real Time Build Order
Export as new Build Order

qqq Zerg 

Build Orders: Hatch First 

Get SALT Encoding   

  12  0:02  Drone  
  13  0:09  Drone  
  14  0:42  Hatchery  
  13  0:54  Spawning Pool  
  13  0:55  Extractor  
  13  0:56  Drone  
  12  1:06  Overlord  
  12  1:10  Drone  
  13  1:15  Drone  
  14  1:25  Drone  
  15  1:29  Drone  
  16  1:42  Queen  
  18  1:48  Overlord  
  18  1:53  Zergling x2  
  19  1:57  Drone  
  19  2:01  Zergling x2  
  21  2:06  Zergling x2  
  22  2:11  Zergling x2  
  23  2:17  Metabolic Boost  
  23  2:22  Zergling x2  
  24  2:23  Zergling x2  
  25  2:30  Zergling x2  
  26  2:37  Queen  
  26  2:40  Zergling x2  
  26  2:44  Zergling x2  
  30  2:52  Zergling x2  
  30  2:53  Overlord  
  30  2:57  Zergling x2  
  32  3:01  Zergling x2  
  32  3:02  Zergling x2  
  34  3:06  Zergling x2  
  34  3:10  Drone  
  36  3:15  Drone  
  36  3:17  Zergling x2  
  38  3:23  Drone  
  38  3:24  Zergling x2  
  40  3:46  Drone x4  
  37  4:03  Zergling x8  
  37  4:04  Drone x2  
  43  4:16  Lair  
  43  4:22  Overlord  
  43  4:39  Drone  
  43  4:40  Hatchery  
  43  4:41  Extractor  
  43  4:43  Drone x3  
  45  4:45  Drone  
  45  4:46  Drone  
  47  4:58  Drone  
  48  5:00  Drone x3  
  48  5:06  Drone  
  52  5:08  Extractor  
  52  5:12  Drone  
  52  5:13  Overlord  
  52  5:14  Overlord  
  52  5:20  Spire  
  51  5:30  Drone  
  51  5:32  Overlord  
  51  5:33  Drone x3  
  55  5:36  Drone x2  
  57  5:43  Drone  
  58  5:52  Drone  
  59  6:02  Zergling x2  
  59  6:03  Drone, Zergling x4  
  59  6:04  Drone x2  
  65  6:13  Hatchery  
  65  6:15  Extractor  
  63  6:21  Drone  
  64  6:31  Mutalisk  
  64  6:32  Mutalisk x3  
  68  6:33  Mutalisk x2  
  76  6:41  Drone x3  
  76  6:42  Overlord x2  
  76  6:43  Mutalisk  
  81  6:55  Zerg Flyer Weapons Level 1  
  81  7:00  Mutalisk  
  83  7:02  Drone x2  
  83  7:05  Extractor  
  84  7:12  Mutalisk  
  84  7:15  Drone  
  87  7:21  Hatchery  
  86  7:24  Hatchery, Mutalisk x2  
  86  7:26  Zergling x4  
  86  7:27  Zergling x8  
  86  7:28  Drone x2  
  97  7:37  Zergling x2  
  97  7:38  Zergling x2  
  99  7:56  Mutalisk  
  99  7:57  Mutalisk  
  101  7:59  Drone x3  
  104  8:10  Overlord x4  
  104  8:22  Overlord x2  
  104  8:23  Overlord  
  104  8:25  Overlord  
  104  8:30  Mutalisk x3  
  104  8:32  Drone x6  
  116  8:35  Extractor  
  116  8:37  Extractor  
  113  8:50  Zerg Flyer Armor Level 1  
  107  8:57  Drone x2  
  107  8:59  Drone x6  
  107  9:02  Drone x2, Mutalisk x4  
  117  9:03  Mutalisk  
  117  9:04  Overlord  
  117  9:05  Overlord x2  
  127  9:23  Mutalisk x4  
  129  9:25  Drone  
  129  9:26  Drone x7  
  129  9:29  Extractor  
  136  9:36  Lair  
  136  9:37  Infestation Pit  
  133  9:43  Overseer  
  127  10:09  Mutalisk x3  
  127  10:10  Mutalisk x2  
  106  10:40  Mutalisk x3  
  106  10:41  Mutalisk x2  
  100  10:52  Drone x3  
  100  10:53  Drone x5, Mutalisk x2  
  112  11:09  Hatchery  
  111  11:13  Drone x4  
  111  11:14  Drone x2, Mutalisk x3  
  123  11:19  Overseer  
  123  11:20  Overlord  
  123  11:21  Overlord  
  123  11:22  Zergling x4  
  125  11:38  Extractor  
  124  11:48  Hatchery  
  123  11:54  Hatchery  
  122  12:02  Hatchery  
  120  12:11  Mutalisk x2  
  120  12:12  Mutalisk x5  
  133  12:24  Drone x5  
  133  12:25  Drone x3  
  141  12:32  Hive  
  141  12:45  Drone x4  
  145  12:56  Drone x2  
  145  12:57  Drone  
  145  12:58  Drone x2  
  150  13:10  Mutalisk x2  
  150  13:11  Mutalisk x7  
  168  13:15  Hatchery  
  168  13:16  Hatchery  
  154  13:26  Mutalisk x2  
  121  13:45  Extractor  
  115  13:48  Greater Spire  
  115  14:15  Drone x3  
  103  14:32  Drone  
  104  14:41  Overseer  
  104  14:42  Corruptor  
  104  14:43  Corruptor x2  
  110  15:05  Drone x3  
  107  15:17  Drone  
  107  15:19  Corruptor x3  
  107  15:20  Corruptor x4  
  120  15:23  Brood Lord  
  120  15:24  Brood Lord x2  
  126  15:36  Overseer  
  126  15:42  Corruptor  
  126  15:43  Corruptor x2  
  126  15:46  Corruptor x4  
  140  15:52  Corruptor  
  140  15:55  Brood Lord x2  
  146  16:13  Brood Lord  
  146  16:14  Brood Lord  
  124  16:29  Brood Lord x2  
  117  16:48  Drone x2  
  117  16:49  Drone  
  120  17:04  Hatchery  
  120  17:06  Spine Crawler  
  116  17:09  Spore Crawler  
  116  17:12  Brood Lord x4  
  113  17:26  Brood Lord  
  115  17:31  Corruptor x2  
Tags
 
Add a new tag
Caveats
  • Supply blocks, unpowered buildings, or Contaminate may cause inaccurate times.
  • Supply counts are checked every 10 seconds.